 Dungeon Crawl Stone Soup version 0.22-a0-299-g43f9854 (webtiles) character file.

182 sankara the Firebug (level 5, -3/35 HPs)
             Began as a Demonspawn Fire Elementalist on Mar 25, 2018.
             Slain by an adder (4 damage)
             ... on level 3 of the Dungeon.
             The game lasted 00:09:23 (3021 turns).

sankara the Firebug (Demonspawn Fire Elementalist)  Turns: 3021, Time: 00:09:23

Health: -3/35      AC:  2    Str:  7 (8)  XL:     5   Next: 35%
Magic:  0/9        EV: 11    Int: 19 (22) God:
Gold:   100        SH:  4    Dex: 11 (14) Spells: 6/10 levels left

rFire    . . .     SeeInvis .   a - +0 mace
rCold    . . .     Gourm    .   p - +0 buckler
rNeg     . . .     Faith    .   d - +0 robe
rPois    +         Spirit   .   (helmet restricted)
rElec    .         Reflect  .   (no cloak)
rCorr    .         Harm     .   (no gloves)
MR       .....                  (no boots)
Stlth    ++........             n - amulet of the acrobat
HPRegen  0.11/turn              f - ring of poison resistance {rPois, !d}
MPRegen  0.11/turn              (no ring)

@: brilliant, very slightly contaminated
A: horns 1, spiny 1
a: no special abilities


You were on level 3 of the Dungeon.
You were not hungry.

You visited 1 branch of the dungeon, and saw 3 of its levels.

You collected 100 gold pieces.

Inventory:

Hand Weapons
 a - a +0 mace (weapon)
   (You found it on level 1 of the Dungeon)
 o - a +0 hunting sling
   (You found it on level 2 of the Dungeon)
Missiles
 g - 133 stones (quivered)
 r - 17 arrows
Armour
 d - a +0 robe (worn)
 p - a +0 buckler (worn)
   (You found it on level 2 of the Dungeon)
Jewellery
 f - a ring of poison resistance (left hand) {rPois, !d}
   (You found it on level 1 of the Dungeon)
 n - an amulet of the acrobat (around neck)
   (You found it on level 2 of the Dungeon)
 t - an uncursed amulet of faith {Faith, !P}
   (You found it on level 2 of the Dungeon)
Scrolls
 e - a scroll of enchant armour {unknown}
 i - a scroll of magic mapping {unknown}
 k - a scroll of enchant weapon {unknown}
 m - 2 scrolls of identify {unknown}
 u - a scroll of noise {unknown}
Potions
 b - a potion of ambrosia {unknown}
 h - a potion of lignification {unknown}
 j - a potion of mutation {unknown}
 s - 2 potions of curing
 v - a potion of haste {unknown}
 w - a potion of brilliance
Comestibles
 c - 7 rations
 l - 7 chunks of flesh {@w0}


   Skills:
 - Level 1.7 Dodging
 - Level 1.7 Stealth
 + Level 1.6 Shields
 + Level 3.2 Spellcasting
 + Level 2.8 Conjurations
 + Level 3.7 Fire Magic


You had 6 spell levels left.
You knew the following spells:

 Your Spells              Type           Power        Failure   Level  Hunger
a - Flame Tongue          Conj/Fire      ####.        1%          1    None
b - Conjure Flame         Conj/Fire      ####....     1%          3    ###....


Dungeon Overview and Level Annotations

Branches:
Dungeon (3/15)

Altars:
Ashenzari
Ru


Innate Abilities, Weirdness & Mutations

You have a pair of small horns on your head.
You are partially covered in sharp spines.


Message History

Confirm with . or Enter, or press ? or * to list all spells.
Aiming: Conjure Flame (safe; 19% risk of failure)
Press: ? - help, Dir - move target cursor The fire ignites!
The orc wizard mumbles some strange words.
The orc wizard flickers and vanishes!
Deactivating autopickup; reactivate with Ctrl-A.
You hit something but do no damage. Something hits you.
You closely miss something. Your headbutt misses something. Something hits you.
You hit something but do no damage. You block something's attack.
Something hits you.
You miss something.
You hear some strange, mumbled words.
A puff of flame appears from out of thin air!
The puff of flame hits you!
Casting: Conjure Flame (safe; 19% risk of failure)
Confirm with . or Enter, or press ? or * to list all spells.
Aiming: Conjure Flame (safe; 19% risk of failure)
Press: ? - help, Dir - move target cursor You miscast Conjure Flame.
You are very lightly contaminated with residual magic.
Wisps of smoke drift from your hands. Something barely misses you.
You barely miss something. Something hits you but does no damage.
Something hits you.
You miss something. You block something's attack.
You miss something. Something hits you.
You miss something. You headbutt something.
You hear some strange, mumbled words.
A puff of flame appears from out of thin air!
The puff of flame hits you!
* * * LOW HITPOINT WARNING * * *
You block something's attack.
It was a potion of degeneration.
There was something very wrong with that liquid.
You feel weakened.
You feel dopey.
You feel clumsy.
You hear some strange, mumbled words.
You are confused.
It was a potion of curing.
You feel better.
You closely miss the orc. The orc barely misses you.
You hit the orc but do no damage. The orc is struck by your spines.
The orc hits you but does no damage.
You hit the orc.
You kill the orc!
You barely miss something. Your headbutt misses something.
Something hits you but does no damage.
You miss something. Something hits you.
* * * LOW HITPOINT WARNING * * *
Something hits you.
* * * LOW HITPOINT WARNING * * *
It was a potion of brilliance.
You feel clever all of a sudden. You block something's attack.
Casting: Conjure Flame (safe; 2% risk of failure)
Confirm with . or Enter, or press ? or * to list all spells.
Aiming: Flame Tongue (safe; 1% risk of failure)
Press: ? - help, Shift-Dir - straight line, f - orc
Aim: an orc, wearing a leather armour The flame tongue hits something.
Reactivating autopickup.
You feel a bit more experienced.
Casting: Flame Tongue (safe; 1% risk of failure)
Confirm with . or Enter, or press ? or * to list all spells.
Aiming: Flame Tongue (safe; 1% risk of failure)
Press: ? - help, Shift-Dir - straight line, f/p - orc
Aim: an orc, wearing a leather armour The flame tongue hits the orc.
You kill the orc!
Casting: Flame Tongue (safe; 1% risk of failure)
Confirm with . or Enter, or press ? or * to list all spells.
Aiming: Flame Tongue (safe; 1% risk of failure)
Press: ? - help, Shift-Dir - straight line, f - orc
Aim: an orc, wielding a dagger and wearing a ring mail The flame tongue hits the orc.
The orc is heavily wounded.
The orc misses you.
Casting: Flame Tongue (safe; 1% risk of failure)
Confirm with . or Enter, or press ? or * to list all spells.
Aiming: Flame Tongue (safe; 1% risk of failure)
Press: ? - help, Shift-Dir - straight line, f/p - orc
Aim: an orc, wielding a dagger and wearing a ring mail (heavily wounded)
The flame tongue hits the orc.
The orc is severely wounded.
The orc hits you with a dagger.
* * * LOW HITPOINT WARNING * * *
Casting: Flame Tongue (safe; 1% risk of failure)
Confirm with . or Enter, or press ? or * to list all spells.
Aiming: Flame Tongue (safe; 1% risk of failure)
Press: ? - help, Shift-Dir - straight line, f/p - orc
Aim: an orc, wielding a dagger and wearing a ring mail (severely wounded)
The flame tongue hits the orc.
You kill the orc!
Casting: Flame Tongue (safe; 1% risk of failure)
Confirm with . or Enter, or press ? or * to list all spells.
Aiming: Flame Tongue (safe; 1% risk of failure)
Press: ? - help, Shift-Dir - straight line, f - adder
Aim: an adder The flame tongue hits the adder.
The adder is severely wounded.
The adder barely misses you. The adder bites you.
You die...

..........# #........##.#)#
..........# #........##.#.#####
#.........# #........##.#......
#.........# #...o....##.#......
#.#############......!.##.#......
.. ......^.....###+####.#......
#. #........#o###+#### #.##### #.
#........#S##.....# #.# #.
#........#@##.....# #.# #.
#........#.##.....# #.#
#'#####........#..#.....#>#.#
......#........##.#.....#.#รท#
......#.................#.#.#
......#..............####.#.#
...)......#'##...#...# #.#.#
..........#.##...##..# #.#.#
......###...#....+#..# ##'#.#


You could see an adder and an orc.

Vanquished Creatures
  2 orc wizards
  6 adders
  An ooze (D:3)
  A worm (D:2)
  3 leopard geckos
  5 orcs (D:3)
  8 bats
  3 giant cockroaches
  5 goblins
  5 hobgoblins
  7 kobolds
  5 quokkas
  2 ball pythons (D:2)
  4 frilled lizards
  7 rats
64 creatures vanquished.

Notes
Turn   | Place    | Note
-------+----------+-------------------------------------------
     0 | D:1      | sankara the Demonspawn Fire Elementalist began the quest for the Orb.
     0 | D:1      | Reached XP level 1. HP: 13/13 MP: 3/3
   648 | D:1      | Gained mutation: You have a pair of small horns on your head. [demonic ancestry]
   648 | D:1      | Reached XP level 2. HP: 19/19 MP: 3/5
  1012 | D:1      | Reached skill level 3 in Fire Magic
  1477 | D:2      | Found a shattered altar of Ashenzari.
  1661 | D:2      | Found a sacrificial altar of Ru.
  1670 | D:2      | Gained mutation: You are partially covered in sharp spines. [demonic ancestry]
  1670 | D:2      | Reached XP level 3. HP: 19/24 MP: 0/6
  1777 | D:2      | Reached skill level 2 in Conjurations
  1830 | D:2      | Reached XP level 4. HP: 17/30 MP: 0/8
  1832 | D:2      | Reached skill level 1 in Shields
  1939 | D:2      | Learned a level 3 spell: Conjure Flame
  2210 | D:2      | Found a faded altar of an unknown god.
  2837 | D:3      | Reached skill level 3 in Spellcasting
  2880 | D:3      | Reached XP level 5. HP: 31/35 MP: 9/9
  3007 | D:3      | HP: 2/35 [something/puff of flame (9)]
  3014 | D:3      | HP: 6/35 [something (2)]
  3014 | D:3      | HP: 2/35 [something (4)]
  3019 | D:3      | HP: 1/35 [orc/dagger (2)]
  3021 | D:3      | Slain by an adder

Vault maps used:
D:1:      dpeg_arrival_arbitrary_b
D:2:      nicolae_ru_great_annihilating_truth, chequers_ecumenical_altar_twisty,
          hangedman_abyss_or_decor_lesser_grid, nicolae_ashenzari_panopticon
D:3:      first_ration

Skill      XL: |  1  2  3  4 |
---------------+-------------+-----
Fire Magic     | 3 |  3.7
Conjurations   | 2 |  2.8
Shields        | 1 |  1.6
Spellcasting   | 3 |  3.2
Dodging        | |  1.7
Stealth        | |  1.7

Action                   |  1- 3 |  4- 6 || total
-------------------------+-------+-------++-------
Melee: Mace              |    47 |    62 ||   109
       Headbutt          |     4 |     7 ||    11
 Cast: Flame Tongue      |    29 |    10 ||    39
       Conjure Flame     |       |     1 ||     1
  Use: Potion            |       |     3 ||     3
 Stab: Sleeping          |     4 |     4 ||     8
       Paralysed         |       |     2 ||     2
  Eat: Chunk             |     3 |     4 ||     7
Armor: Robe              |    16 |     3 ||    19
Dodge: Dodged            |    47 |    31 ||    78
Block: Buckler           |     1 |    13 ||    14

Table legend:
 A = Spawn XP
 B = Non-spawn XP
 C = Spawn XP percentage of total XP
 D = Spawn monster count
 E = Non-spawn monster count
 F = Spawn count percentage of total count
 G = Total turns spent on level
                    A         B        C        D         E        F      G
               +---------+---------+-------+---------+---------+-------+---------
         Total |       0 |     261 |   0.0 |       0 |      64 |   0.0 |  3021
               +---------+---------+-------+---------+---------+-------+---------
           D:1 |       0 |      30 |   0.0 |       0 |      19 |   0.0 |  1419
           D:2 |       0 |     133 |   0.0 |       0 |      21 |   0.0 |  1303
           D:3 |       0 |      98 |   0.0 |       0 |      24 |   0.0 |   299
               +---------+---------+-------+---------+---------+-------+---------

Vault maps used:
D:1:      dpeg_arrival_arbitrary_b
D:2:      nicolae_ru_great_annihilating_truth, chequers_ecumenical_altar_twisty,
          hangedman_abyss_or_decor_lesser_grid, nicolae_ashenzari_panopticon
D:3:      first_ration

Table legend:
 A = Turns spent in this place as a percentage of turns spent in the entire game.
 B = Non-inter-level travel turns spent in this place as a percentage of non-inter-level travel turns spent in the entire game.
 C = Inter-level travel turns spent in this place as a percentage of turns spent in this place.
 D = Turns resting spent in this place as a percentage of non-inter-level travel turns spent in this place.
 E = Turns spent auto-exploring this place as a percentage of non-inter-level travel turns spent in this place.
 F = Non-inter-level travel turns spent in this place divided by the number of levels of this place that you've seen.
                   A       B       C       D       E      F
               +-------+-------+-------+-------+-------+----------------------
         Total | 100.0 | 100.0 |   1.4 |  41.7 |  39.8 | 993.3
       Dungeon | 100.0 | 100.0 |   1.4 |  41.7 |  39.8 | 993.3
               +-------+-------+-------+-------+-------+----------------------

Table legend:
 A = Kills in this place as a percentage of kills in entire the game.
 B = Kills by you in this place as a percentage of kills by you in the entire game.
 C = Kills by friends in this place as a percentage of kills by friends in the entire game.
 D = Other kills in this place as a percentage of other kills in the entire game.
 E = Experience gained in this place as a percentage of experience gained in the entire game.
 F = Experience gained in this place divided by the number of levels of this place that you have seen.
                   A       B       C       D       E      F
               +-------+-------+-------+-------+-------+----------------------
         Total | 100.0 | 100.0 |   N/A |   N/A | 100.0 |  87.0
       Dungeon | 100.0 | 100.0 |   N/A |   N/A | 100.0 |  87.0
               +-------+-------+-------+-------+-------+----------------------
